 Dungeon Crawl Stone Soup version 0.28.0-43-g3370ac3207 (webtiles) character file.

Game seed: 11185926607004355594

710 funkygono the Magician (level 7, -2/47 HPs)
             Began as a Demonspawn Fire Elementalist on Mar 11, 2022.
             Slain by an ogre
             ... wielding a +0 giant club
              (8 damage)
             ... on level 5 of the Dungeon.
             The game lasted 00:06:37 (4585 turns).

funkygono the Magician (DsFE)                       Turns: 4585, Time: 00:06:37

Health: -2/47      AC: 11    Str: 11    XL:     7   Next: 40%
Magic:  14/14      EV: 12    Int: 18    God:
Gold:   106        SH:  0    Dex: 14    Spells: 6/16 levels left

rFire   + + +      SeeInvis .   j - +6 whip of Income {vorpal, Contam rF+++ rN+ Str+3}
rCold   . . .      Faith    .   (no shield)
rNeg    + . .      Spirit   .   a - +0 robe
rPois   .          Reflect  .   l - +0 helmet
rElec   .          Harm     .   s - +0 cloak
rCorr   .          Rampage  .   (no gloves)
Will    .....                   (no boots)
Stlth   ++........              (no amulet)
HPRegen 0.15/turn               o - +4 ring of protection
MPRegen 0.14/turn               (no ring)

@: no status effects
A: icy blue scales 2, foul stench 2, demonic touch 2
a: no special abilities


You were on level 5 of the Dungeon.
You visited 1 branch of the dungeon, and saw 5 of its levels.

You collected 106 gold pieces.

Inventory:

Hand Weapons
 e - a +2 whip
 j - the +6 whip of Income (weapon) {vorpal, Contam rF+++ rN+ Str+3}
   (You found it on level 2 of the Dungeon)

   It inflicts extra damage upon your enemies.
   Str:       It affects your strength (+3).
   rF:        It renders you almost immune to fire.
   rN:        It protects you from negative energy.
   Contam:    It causes magical contamination when unequipped.
 r - a +2 quarterstaff of chaos
Missiles
 f - 4 stones
 n - a throwing net
Armour
 a - a +0 robe (worn)
 l - a +0 helmet (worn)
 s - a +0 cloak (worn)
Jewellery
 o - a +4 ring of protection (left hand)
Wands
 p - a wand of charming (6)
 q - a wand of polymorph (9)
Scrolls
 d - 3 scrolls of teleportation
 h - a scroll of blinking {unknown}
Potions
 b - 2 potions of flight
 c - 3 potions of lignification {unknown}
 g - 3 potions of mutation {unknown}
 i - 2 potions of invisibility {unknown}
 m - 4 potions of haste {unknown}


   Skills:
 + Level 0.4 Fighting
 + Level 1.3 Maces & Flails
 + Level 2.2 Dodging
 - Level 1.7 Stealth
 * Level 5.2 Spellcasting
 * Level 3.2 Conjurations
 * Level 4.9 Fire Magic


You had 6 spell levels left.
You knew the following spells:

 Your Spells              Type           Power      Damage    Failure   Level
a - Foxfire               Conj/Fire      76%        2x1d7     2%          1
b - Scorch                Fire           44%        2d7       2%          2
c - Conjure Flame         Conj/Fire      19%        6-21      7%          3
d - Flame Wave            Conj/Fire      19%        2d6       24%         4

Your spell library contained the following spells:

 Spells                   Type           Power      Damage    Failure   Level
 Animate Skeleton         Necr           8%         N/A       13%         1
 Pain                     Necr           16%        1d4       13%         1
 Inner Flame              Hex/Fire       13%        N/A       14%         3
 Ensorcelled Hibernation  Hex/Ice        8%         N/A       21%         2
 Passwall                 Tmut/Erth      3%         N/A       21%         2
 Swiftness                Air            4%         N/A       36%         3
 Vampiric Draining        Necr           4%         2d6       36%         3


Dungeon Overview and Level Annotations

Branches:
Dungeon (5/15)
 Temple: D:4-7

Altars:

Shops:
D:2 !


Innate Abilities, Weirdness & Mutations

You are mostly covered in icy blue scales. (AC +3)
You sometimes emit foul miasma when damaged in melee.
Your touch may inflict irresistible damage on your foes.


Message History

Deactivating autopickup; reactivate with Ctrl-A.
You barely miss something. Your touch misses something.
Something hits you but does no damage.
You hit something.
Reactivating autopickup.
You feel a bit more experienced.
The orc priest looks encouraged for a moment.
You hit the orc but do no damage. Your touch misses the orc.
The orc barely misses you.
The orc priest looks satisfied for a moment.
You hit the orc.
The orc is moderately wounded.
The orc hits you but does no damage.
The orc priest casts a cantrip, but nothing happens.
You hit the orc.
You kill the orc!
The orc priest hits you with a +0 flail.
Items here: ))) = ? [[[ †.
You hit the orc priest.
You touch the orc priest.
The orc priest is heavily wounded.
The orc priest casts a cantrip, but nothing happens.
You hit the orc priest. Your touch misses the orc priest.
The orc priest is severely wounded.
The orc priest begins to cast a cantrip, but forgets the words!
You hit the orc priest but do no damage.
The orc priest is severely wounded.
The orc priest closely misses you.
You hit the orc priest.
You kill the orc priest!
You hit the ogre.
The ogre is moderately wounded.
The ogre hits you but does no damage.
You whack the ogre! Your touch misses the ogre.
The ogre is heavily wounded.
The ogre hits you with a +0 giant club!!
* * * LOW HITPOINT WARNING * * *
You barely miss the ogre.
You touch the ogre!
The ogre is almost dead.
The ogre hits you with a +0 giant club!
You die...

#........#
#.#####..# ###...#
#...#.# #.#...#
!##.###)# ........#
.
#.......#######....
...........@O......
##....##.#######....
#.#.# #(# . #... #.#
#.. #.# #. #.# #.#
..


You could see an ogre.

Vanquished Creatures
  Duvessa (D:4)
  An ice beast (D:3)
  A centaur (D:5)
  Dowan (D:4)
  A hound (D:4)
  A jelly (D:5)
  An orc priest (D:5)
  A centaur skeleton (D:2)
  Crazy Yiuf (D:4)
  2 orc wizards (D:5)
  Natasha (thrice) (D:4)
  5 adders
  An ufetubus (D:5)
  An adder skeleton (D:4)
  A worm (D:2)
  4 dart slugs
  5 orcs
  3 ball pythons
  3 endoplasms
  5 giant cockroaches
  6 hobgoblins
  7 jackals
  6 bats
  3 frilled lizards
  3 goblins
  2 kobolds (D:2)
  A rat (D:3)
70 creatures vanquished.

Vanquished Creatures (others)
  178 foxfires
178 creatures vanquished.

Grand Total: 248 creatures vanquished

Notes
Turn   | Place    | Note
-------+----------+-------------------------------------------
     0 | D:1      | funkygono the Demonspawn Fire Elementalist began the quest
                  | for the Orb.
     0 | D:1      | Reached XP level 1. HP: 13/13 MP: 3/3
   313 | D:1      | Gained mutation: You may rarely emit foul miasma when
                  | damaged in melee. [demonic ancestry]
   313 | D:1      | Reached XP level 2. HP: 16/19 MP: 0/5
   316 | D:1      | Learned a level 2 spell: Scorch
   921 | D:2      | Found Ozitit's Distillery.
  1182 | D:2      | Gained mutation: Your touch may inflict minor irresistible
                  | damage on your foes. [demonic ancestry]
  1182 | D:2      | Reached XP level 3. HP: 22/24 MP: 3/6
  1498 | D:2      | Gained mutation: You are partially covered in icy blue
                  | scales. (AC +2) [demonic ancestry]
  1498 | D:2      | Reached XP level 4. HP: 30/30 MP: 4/8
  1990 | D:2      | Found a faded altar of an unknown god.
  2124 | D:2      | Identified the +6 whip of Income {vorpal, Contam rF+++ rN+
                  | Str+3}
  2477 | D:3      | Noticed an ice beast
  2485 | D:3      | Killed an ice beast
  2486 | D:3      | Reached skill level 3 in Spellcasting
  2486 | D:3      | Gained mutation: You are mostly covered in icy blue scales.
                  | (AC +3) [demonic ancestry]
  2486 | D:3      | Reached XP level 5. HP: 35/35 MP: 3/10
  3177 | D:4      | Reached skill level 4 in Spellcasting
  3444 | D:4      | Learned a level 3 spell: Conjure Flame
  3473 | D:4      | Learned a level 4 spell: Flame Wave
  3612 | D:4      | Noticed Duvessa
  3612 | D:4      | Noticed Dowan
  3618 | D:4      | Killed Dowan
  3619 | D:4      | Gained mutation: Your touch may inflict irresistible damage
                  | on your foes. [demonic ancestry]
  3619 | D:4      | Reached XP level 6. HP: 33/41 MP: 9/12
  3625 | D:4      | Killed Duvessa
  3784 | D:4      | Noticed Natasha
  3791 | D:4      | Killed Natasha
  3793 | D:4      | Noticed Natasha
  3799 | D:4      | Killed Natasha
  3927 | D:4      | Noticed Natasha
  3932 | D:4      | Killed Natasha
  3933 | D:4      | Reached skill level 1 in Maces & Flails
  4008 | D:4      | Found a runed translucent door.
  4009 | D:4      | Noticed Crazy Yiuf
  4445 | D:4      | Killed Crazy Yiuf
  4446 | D:4      | Gained mutation: You sometimes emit foul miasma when
                  | damaged in melee. [demonic ancestry]
  4446 | D:4      | Reached XP level 7. HP: 46/46 MP: 11/14
  4490 | D:5      | Entered Level 5 of the Dungeon
  4510 | D:5      | Reached skill level 5 in Spellcasting
  4585 | D:5      | Slain by an ogre

Illustrated notes

Levels and vault maps discovered:
D:1:      minmay_arrival_stair_chambers, layout_basic, hangedman_decor_opposing,
          grunt_decor_mini_mirrors, corexii_corridor_pit
D:2:      layout_basic, serial_shops,
          nicolae_shop_temple_entry_statues_fountains, serial_aquarium,
          aquarium_bridge_square [aquarium_subvault_window,
          aquarium_subvault_bridge, aquarium_subvault_bridge,
          aquarium_subvault_bridge], aquarium_bridge_square
          [aquarium_subvault_bridge, aquarium_subvault_bridge,
          aquarium_subvault_bridge, aquarium_subvault_bridge],
          aquarium_window_1, aquarium_window_fake, aquarium_window_1,
          aquarium_view_2f, aquarium_balcony_double_4,
          hellmonk_ecumenical_altar_heavens_door
D:3:      layout_basic, serial_glass, glass_columns_c, glass_columns_c,
          feat_on_display, item_on_display_a, due_unseen_surprise,
          item_on_display_a
D:4:      nicolae_BIG_FREAKIN_CUBE, layout_basic, nicolae_underground_beach,
          uniq_natasha, uniq_duvessa, uniq_crazy_yiuf_cottage
D:5:      layout_loops_corners, lemuel_round_altar,
          minmay_hollow_rounded_squares

Skill      XL: |  1  2  3  4  5  6  7 |
---------------+----------------------+-----
Fire Magic     | 3 4 |  4.9
Dodging        | 2 |  2.2
Spellcasting   | 3 4 5 |  5.2
Conjurations   | 2 3 |  3.2
Maces & Flails | 1 |  1.3
Fighting       | |  0.4
Stealth        | |  1.7

Action                   |  1- 3 |  4- 6 |  7- 9 || total
-------------------------+-------+-------+-------++-------
Melee: Whip              |     7 |    27 |    28 ||    62
       Touch             |       |     4 |     5 ||     9
 Cast: Foxfire           |    42 |    59 |     5 ||   106
       Scorch            |       |     4 |     3 ||     7
  Use: Scroll            |       |     4 |     2 ||     6
Armor: Robe              |     5 |     9 |    10 ||    24
Dodge: Dodged            |    18 |    20 |    17 ||    55
